 Dungeon Crawl Stone Soup version 0.27.1-35-g4d5d836560 (console) character file.

Game seed: 6593015782097553575

129913 grimtooth the Corrupter of Planes (level 16, 0/127 HPs)
             Began as a Demonspawn Abyssal Knight on June 2, 2022.
             Was the Champion of Lugonu.
             Killed from afar by a shock serpent (10 damage)
             ... with a bolt of electricity
             ... on level 1 of the Snake Pit.
             The game lasted 03:11:57 (35331 turns).

grimtooth the Corrupter of Planes (DsAK)           Turns: 35331, Time: 03:12:04

Health: 0/127      AC: 26    Str: 18    XL:     16   Next: 51%
Magic:  27/27      EV: 11    Int: 21    God:    Lugonu [******]
Gold:   1965       SH:  8    Dex:  9    Spells: 1/15 levels left

rFire    + . .     SeeInvis .   a - +3 morningstar (freeze)
rCold    + + +     Faith    .   H - +0 buckler
rNeg     . . .     Spirit   .   Z - +0 acid dragon scales
rPois    +         Reflect  .   R - +2 helmet "Ovijoront" {Will++ Dex-5}
rElec    .         Harm     .   c - +1 cloak {rC+}
rCorr    +         Rampage  .   (no gloves)
Will     ++++.                  (no boots)
Stlth    ++........             i - amulet of the acrobat
HPRegen  0.31/turn              E - ring "Enliwyu" {Contam rF+ rC+ Int+7 Stlth+}
MPRegen  0.20/turn              U - ring of poison resistance

@: lethally poisoned (0 -> -2)
A: hooves 2, icy blue scales 3, foul stench 1, icemail 2, condensation shield,
demonic willpower
a: Renounce Religion, Depart the Abyss, Bend Space, Banish, Corrupt, Enter the
Abyss, Brand Weapon With Distortion


You were on level 1 of the Snake Pit.
You worshipped Lugonu.
Lugonu was exalted by your worship.
You visited 4 branches of the dungeon, and saw 23 of its levels.
You visited the Abyss 1 time.
You also visited: Bailey and Ice Cave.

You collected 3118 gold pieces.
You spent 1153 gold pieces at shops.

Inventory:

Hand Weapons
 a - a +3 morningstar of freezing (weapon)
 w - the +3 whip of Amortisation {vamp, +Blink rElec Stlth+}
   (You bought it in a shop on level 3 of the Dungeon)

   It occasionally heals its wielder for a portion of the damage dealt when it
   wounds a living foe.
   rElec:     It insulates you from electricity.
   +Blink:    It lets you blink.
   Stlth:     It makes you more stealthy.
Missiles
 d - 8 curare-tipped darts
 p - 26 poisoned darts
 y - 128 boomerangs (quivered)
 I - 4 throwing nets {=f}
Armour
 c - a +1 cloak of cold resistance (worn)
 H - a +0 buckler (worn)
 R - the +2 helmet "Ovijoront" (worn) {Will++ Dex-5}
   (You found it on level 8 of the Dungeon)

   Dex:       It affects your dexterity (-5).
   Will:      It greatly increases your willpower.
 Z - +0 acid dragon scales (worn)
Jewellery
 i - an amulet of the acrobat (around neck)
 s - a ring of ice
 E - the ring "Enliwyu" (left hand) {Contam rF+ rC+ Int+7 Stlth+}
   (You found it on level 12 of the Dungeon)

   [ring of protection from fire]

   Int:       It affects your intelligence (+7).
   rF:        It protects you from fire.
   rC:        It protects you from cold.
   Contam:    It causes magical contamination when unequipped.
   Stlth:     It makes you more stealthy.
 L - a ring of positive energy
 S - a ring of flight
 U - a ring of poison resistance (right hand)
 V - a +4 ring of protection
Wands
 A - a wand of flame (28)
 D - a wand of digging (6)
 N - a wand of mindburst (14)
 P - a wand of iceblast (20)
Scrolls
 b - a scroll of vulnerability
 j - 6 scrolls of blinking
 k - 11 scrolls of teleportation
 m - 2 scrolls of magic mapping
 r - 10 scrolls of fog
 v - 3 scrolls of identify {@r4}
 B - 3 scrolls of fear
 J - a scroll of silence
 Y - a scroll of summoning
Potions
 e - 3 potions of resistance
 g - a potion of experience
 h - 13 potions of heal wounds
 o - 2 potions of might
 q - 4 potions of ambrosia
 t - 4 potions of cancellation
 x - a potion of lignification
 z - 3 potions of invisibility
 C - 4 potions of haste
 F - 2 potions of flight
 G - 4 potions of magic
 M - 5 potions of curing
Miscellaneous
 Q - a lightning rod (4/4)
 T - a box of beasts


   Skills:
 - Level 12.0 Fighting
 - Level 10.0 Maces & Flails
 + Level 11.3 Throwing
 - Level 10.0 Armour
 - Level 0.8 Dodging
 - Level 4.0 Shields
 - Level 0.2 Necromancy
 - Level 9.0 Ice Magic
 - Level 15.0 Invocations
 - Level 9.0 Evocations


You had one spell level left.
You knew the following spells:

 Your Spells              Type           Power      Damage    Failure   Level
a - Freeze                Ice            100%       1d11      1%          1
b - Frozen Ramparts       Ice            74%        1d9       1%          3
c - Metabolic Englaciati  Hex/Ice        9%         N/A       69%         5
d - Freezing Cloud        Conj/Ice/Air   6%         6-21      88%         5

Your spell library contained the following spells:

 Spells                   Type           Power      Damage    Failure   Level
 Magic Dart               Conj           0%         1d3       22%         1
 Call Imp                 Summ           0%         N/A       34%         2
 Static Discharge         Conj/Air       0%         N/A       34%         2
 Hailstorm                Conj/Ice       18%        3d6       34%         4
 Gell's Gravitas          Tloc           0%         N/A       56%         3
 Inner Flame              Hex/Fire       0%         N/A       56%         3
 Mephitic Cloud           Conj/Pois/Air  0%         N/A       56%         3
 Teleport Other           Tloc           0%         N/A       56%         3
 Cause Fear               Hex            0%         N/A       92%         4
 Lightning Bolt           Conj/Air       0%         1d11      99%         5
 Conjure Ball Lightning   Conj/Air       0%         3x3d6     100%        6
 Dispersal                Tloc           0%         N/A       100%        6
 Dragon Form              Tmut           0%         N/A       100%        7
 Discord                  Hex            0%         N/A       100%        8
 Disjunction              Tloc           0%         N/A       100%        8
 Maxwell's Capacitive Co  Air            0%         ∞         100%        8
 Dragon's Call            Summ           0%         N/A       100%        9


Dungeon Overview and Level Annotations

Branches:
Dungeon (14/15)            Temple (0/1) D:4            Lair (6/6) D:11
 Shoals (0/4) Lair:4        Snake (1/4) Lair:3        Slime (0/5) Lair:5
    Orc (2/2) D:11            Elf (0/3) Orc:2        Vaults (0/5) D:14
 Bailey (visited)           IceCv (visited)

Altars:
Cheibriados
Dithmenos
Elyvilon
Fedhas
Hepliaklqana
Ru
Sif Muna
Uskayaw
Vehumet
Xom
Beogh
Jiyva

Shops:
D:1 :   D:3 (*=[*   D:4 *   D:8 *   D:10 =   Orc:2 [([*

Annotations:
D:13 2 transporters
Lair:2 3 runed translucent doors, grimtooth's ghost, journeyman TrAM
Lair:4 3 runed translucent doors, cbfl8's ghost, journeyman MiMo
Lair:5 1 runed translucent door


Innate Abilities, Weirdness & Mutations

You have hoof-like feet.
You are completely covered in icy blue scales. (AC +4, rC+)
You may rarely emit foul miasma when damaged in melee.
A meltable icy envelope protects you from harm. (AC +8)
A meltable shield of frost defends you. (SH +4)
You punish those that try to bend your will. (Will+)


Message History

The bolt of electricity misses you.
The bolt of electricity hits the shock serpent.
The shock serpent completely resists.
You hear an angry hiss.
Press: ? - help, v - describe, . - travel
Here: a black mamba (severely wounded)
The floor, spattered with blood.
You feel the dreadful sensation subside.
Your +3 morningstar of freezing glows with a cold blue light!
a - a +3 morningstar of freezing (weapon)
You feel sick. You block the black mamba's attack.
The shock serpent barely misses you.
You hit the shock serpent. You freeze the shock serpent.
The shock serpent is severely wounded.
You feel sick. The black mamba bites you.
The shock serpent shoots out a bolt of lightning at you!
The bolt of electricity hits you!! The bolt of electricity hits you!
The bolt of electricity hits the shock serpent.
The shock serpent completely resists.
The black mamba bites you but does no damage.
The shock serpent shoots out a bolt of lightning at you!
The bolt of electricity hits you!!
* * * LOW HITPOINT WARNING * * *
The bolt of electricity hits you!!
* * * LOW HITPOINT WARNING * * *
The bolt of electricity hits the shock serpent.
The shock serpent completely resists.
You hear an angry hiss.
Press: ? - help, v - describe, . - travel
Here: a shock serpent (severely wounded)
The floor.
As you read the scroll of fear, it crumbles to dust.
You assume a fearsome visage.
The shock serpent resists with almost no effort.
The naga ritualist looks frightened!
The black mamba looks frightened!
You feel sick.
You hear an angry hiss.
The shock serpent shoots out a bolt of lightning at you!
The bolt of electricity hits you!
You die...

#.#.# # #.#.#..#
.# .. ##.#.#..#
######.#.... ...
#..#
#..S.N...... ...
#..# #.##.#
#.#.#..#.#..S@#
#.#.#..#.#.#..#
#<#....#.#.#..#
##.###.##.#.#..#
#.......#.#.####
######..#.#....#
#......#.####.#
#.####.#......#
#........#
########.# #.#


You could see a naga ritualist (fleeing), a shock serpent and a black mamba
(fleeing).

Vanquished Creatures
  An azure jelly (IceCv)
  An orc warlord (Orc:2)
  A quicksilver ooze (IceCv)
  Nessos (Lair:5)
  An ettin (Orc:2)
  Erolcha (D:9)
  8 hydras
  A merfolk avatar (Lair:6)
  A catoblepas (Lair:6)
  6 two-headed ogres
  4 boulder beetles
  6 death yaks
  2 dancing weapons (D:14)
  A tengu warrior (D:13)
  Sonja (Orc:2)
  A skeletal warrior (D:12)
  2 sea snakes (Lair:6)
  An orc knight (Bailey)
  A lindwurm (Lair:6)
  13 ugly things
  A deep elf pyromancer (D:14)
  2 orc sorcerers (Orc:2)
  A manticore (D:14)
  6 cyclopes
  16 elephants
  2 ice statues (IceCv)
  3 merfolk sirens (Lair:4)
  2 centaur zombies
  11 cane toads
  A torpor snail (Lair:4)
  3 gargoyles
  5 black mambas
  3 kobold demonologists
  13 komodo dragons
  4 rime drakes
  A tengu conjurer (D:13)
  An entropy weaver simulacrum (IceCv)
  6 trolls
  3 polar bears (Lair:6)
  Prince Ribbit (D:5)
  3 wind drakes (Lair:6)
  A merfolk (Lair:4)
  26 blink frogs
  5 dream sheep (Lair:6)
  A meliai zombie (D:10)
  4 snapping turtles (Lair:6)
  6 slime creatures (IceCv)
  A shadow (D:10)
  6 wyverns
  A wraith (D:9)
  39 yaks
  A basilisk (shapeshifter) (D:13)
  3 basilisks
  2 steam dragons (Lair:6)
  8 wargs
  11 vampire mosquitoes
  5 nagas (Lair:3)
  3 demonic crawler simulacra (IceCv)
  2 acid dragons
  3 black bears
  12 water moccasins
  28 orc warriors
  3 sky beasts
  6 ugly thing simulacra (IceCv)
  3 ice beasts
  2 necrophages
  7 ogres
  15 wolves
  6 centaurs
  A kobold brigand (D:10)
  A gnoll sergeant (D:10)
  2 glowing shapeshifter simulacra (IceCv)
  14 bullfrogs
  3 scorpions
  9 killer bees
  A wight (D:10)
  2 electric eels (D:8)
  A howler monkey (D:10)
  2 jellies (D:3)
  3 hounds
  20 orc priests
  Crazy Yiuf (D:2)
  3 iguanas
  2 centaur skeletons (D:6)
  2 gnoll shamans (D:9)
  22 orc wizards
  5 hell rats (Lair:6)
  Terence (D:3)
  A killer bee zombie (D:7)
  29 gnolls
  A howler monkey skeleton (D:7)
  A howler monkey zombie (D:6)
  8 adders
  A shadow imp (D:8)
  15 white imps
  2 ufetubi
  3 worms
  3 dart slugs
  90 orcs
  8 ball pythons
  10 endoplasms
  7 giant cockroaches
  2 goblins
  16 hobgoblins
  5 jackals (D:3)
  3 quokkas (D:3)
  10 bats
  3 frilled lizards
  28 kobolds
  7 rats
700 creatures vanquished.

Vanquished Creatures (others)
  An ugly thing simulacrum (IceCv)
  An orc wizard (Orc:2)
  3 bushes
  60 fungi
  75 plants
140 creatures vanquished.

Grand Total: 840 creatures vanquished

Notes
Turn   | Place    | Note
-------+----------+-------------------------------------------
     0 | Abyss:1  | grimtooth the Demonspawn Abyssal Knight began the quest for
                  | the Orb.
     0 | Abyss:1  | Reached XP level 1. HP: 18/18 MP: 2/2
    16 | D:1      | Escaped the Abyss
   397 | D:1      | Gained mutation: You have large cloven feet. [demonic
                  | ancestry]
   397 | D:1      | Reached XP level 2. HP: 18/24 MP: 3/3
   753 | D:1      | Reached ** piety under Lugonu
   865 | D:1      | Found Juceroc's Book Shoppe.
  1276 | D:2      | Found a shadowy altar of Dithmenos.
  1323 | D:2      | Gained mutation: You may rarely emit foul miasma when
                  | damaged in melee. [demonic ancestry]
  1323 | D:2      | Reached XP level 3. HP: 26/29 MP: 4/4
  2094 | D:2      | Found a runed translucent door.
  2095 | D:2      | Noticed Crazy Yiuf
  2202 | D:2      | Gained mutation: You are partially covered in icy blue
                  | scales. (AC +2) [demonic ancestry]
  2202 | D:2      | Reached XP level 4. HP: 37/37 MP: 5/5
  2888 | D:3      | Found Melivine's Jewellery Boutique.
  2927 | D:3      | Found Edishikh's General Store.
  2930 | D:3      | Bought a scroll of identify for 24 gold pieces
  2937 | D:3      | Gained mutation: You are mostly covered in icy blue scales.
                  | (AC +3) [demonic ancestry]
  2937 | D:3      | Reached XP level 5. HP: 17/42 MP: 6/6
  3080 | D:3      | Found Xadin's Antique Weapon Shop.
  3181 | D:3      | Reached *** piety under Lugonu
  3359 | D:3      | Found Eboqar's Assorted Antiques.
  3371 | D:3      | Bought 2 smoky emerald potions for 36 gold pieces
  3371 | D:3      | Bought a scroll labelled TAROID DAXUNO for 20 gold pieces
  3371 | D:3      | Bought a scroll labelled VICVIPR JEON for 20 gold pieces
  3466 | D:3      | Found Seuquucvo's Antique Armour Shoppe.
  3511 | D:3      | Noticed a sky beast
  3528 | D:3      | Killed a sky beast
  3529 | D:3      | Reached skill level 5 in Maces & Flails
  3529 | D:3      | Reached XP level 6. HP: 43/49 MP: 7/7
  3720 | D:3      | Noticed Terence
  3728 | D:3      | Killed Terence
  3771 | D:3      | Found a shimmering altar of Xom.
  3772 | D:3      | Found a hazy altar of Hepliaklqana.
  3773 | D:3      | Noticed a spectral ugly thing
  4067 | D:4      | Reached skill level 5 in Fighting
  4411 | D:4      | Reached XP level 7. HP: 42/56 MP: 8/8
  4434 | D:4      | Found Ipnadyw's CLEARANCE SALE! EVERYTHING MUST GO!.
  4457 | D:4      | Found a staircase to the Ecumenical Temple.
  5317 | D:3      | Bought a silver wand for 80 gold pieces
  5317 | D:3      | Bought a scroll labelled ZIONKIPSIH for 20 gold pieces
  5391 | D:5      | Entered Level 5 of the Dungeon
  5611 | D:5      | Identified the +2 robe of the Pits of Slime {-Tele rN+
                  | Int+3}
  6111 | D:5      | Noticed Prince Ribbit
  6134 | D:5      | Killed Prince Ribbit
  6135 | D:5      | Reached skill level 3 in Invocations
  6135 | D:5      | Gained mutation: A meltable shield of frost defends you.
                  | (SH +4) [demonic ancestry]
  6135 | D:5      | Reached XP level 8. HP: 65/67 MP: 8/10
  6189 | D:5      | Reached skill level 4 in Invocations
  6407 | D:2      | Killed Crazy Yiuf
  6796 | D:6      | Reached skill level 5 in Invocations
  7282 | D:6      | Reached **** piety under Lugonu
  7316 | D:6      | Reached skill level 6 in Invocations
  7739 | D:6      | Reached skill level 1 in Throwing
  7903 | D:3      | Bought a lumpy beryl amulet for 100 gold pieces
  8157 | D:7      | Reached XP level 9. HP: 71/76 MP: 13/13
  8829 | D:7      | Found a blossoming altar of Fedhas.
  9109 | D:8      | Noticed a two-headed ogre
  9135 | D:8      | Killed a two-headed ogre
  9136 | D:8      | Reached skill level 5 in Armour
  9424 | D:8      | Reached skill level 5 in Throwing
  9753 | D:8      | Gained mutation: You are completely covered in icy blue
                  | scales. (AC +4, rC+) [demonic ancestry]
  9753 | D:8      | Reached XP level 10. HP: 55/83 MP: 14/14
  9895 | D:8      | Identified the +2 helmet "Ovijoront" {Will++ Dex-5}
  9902 | D:8      | Found a sacrificial altar of Ru.
 10186 | D:8      | Found Rigyclif's Assorted Antiques.
 10264 | D:8      | Bought a scroll labelled CYEKUW FUNO for 27 gold pieces
 10264 | D:8      | Bought a scroll labelled NICSAEBBOT for 27 gold pieces
 10264 | D:8      | Bought a scroll labelled QEMYGO EBYTSU for 27 gold pieces
 10264 | D:8      | Bought a scroll of identify for 54 gold pieces
 10264 | D:8      | Bought a scroll of identify for 54 gold pieces
 10308 | D:8      | Bought a viscous red potion for 24 gold pieces
 10353 | D:9      | Noticed Erolcha
 10972 | D:9      | Killed Erolcha
 10973 | D:9      | Reached skill level 7 in Invocations
 11167 | D:9      | Identified the +4 short sword of Jogietuo {venom, rElec
                  | rPois Will+}
 11397 | D:9      | Found a snail-covered altar of Cheibriados.
 11434 | D:9      | Reached skill level 10 in Fighting
 11522 | D:9      | Reached ***** piety under Lugonu
 11648 | D:9      | Reached skill level 8 in Invocations
 12013 | D:10     | Entered Level 10 of the Dungeon
 12118 | D:10     | Found Voqimogh's Jewellery Boutique.
 12135 | D:10     | Noticed a two-headed ogre
 12174 | D:10     | Killed a two-headed ogre
 12175 | D:10     | Reached skill level 9 in Invocations
 12175 | D:10     | Reached skill level 1 in Evocations
 12280 | D:10     | Noticed a gargoyle
 12697 | D:10     | Found a hide-covered altar of Uskayaw.
 12747 | D:10     | Killed a gargoyle
 12767 | D:10     | Found a radiant altar of Vehumet.
 12875 | D:10     | Noticed a two-headed ogre
 13078 | D:10     | Noticed a gargoyle
 13093 | D:10     | Killed a gargoyle
 13111 | D:10     | Reached XP level 11. HP: 59/90 MP: 17/17
 13192 | D:10     | Noticed a two-headed ogre
 13206 | D:10     | Killed a two-headed ogre
 13640 | D:10     | Killed a two-headed ogre
 14297 | D:11     | Found a staircase to the Lair.
 14407 | D:11     | Noticed a two-headed ogre
 14415 | D:11     | Killed a two-headed ogre
 14538 | D:11     | Identified a scroll of acquirement
 14647 | D:11     | Found a staircase to the Orcish Mines.
 15081 | D:11     | Acquired 639 gold pieces
 15281 | D:3      | Bought a crude whip for 165 gold pieces
 15281 | D:3      | Identified the +3 whip of Amortisation {vamp, +Blink rElec
                  | Stlth+} (You bought it in a shop on level 3 of the Dungeon)
 15356 | D:3      | Bought a glowing scarf for 160 gold pieces
 15403 | D:3      | Bought a polished scale mail for 270 gold pieces
 15403 | D:3      | Identified the +0 scale mail "Jopaac" {rCorr} (You bought
                  | it in a shop on level 3 of the Dungeon)
 15460 | D:4      | Bought a scroll of enchant armour for 45 gold pieces
 15649 | Lair:1   | Entered Level 1 of the Lair of Beasts
 15953 | Lair:1   | Found a frozen archway.
 15995 | IceCv    | Entered an ice cave
 16209 | IceCv    | Reached skill level 10 in Maces & Flails
 16362 | IceCv    | Noticed a quicksilver ooze
 16363 | IceCv    | - a bit rough
 16379 | IceCv    | Killed a quicksilver ooze
 16380 | IceCv    | Reached skill level 5 in Evocations
 16704 | IceCv    | Gained mutation: You have hoof-like feet. [demonic
                  | ancestry]
 16704 | IceCv    | Reached XP level 12. HP: 64/97 MP: 18/18
 17300 | IceCv    | Found a viscous altar of Jiyva.
 17300 | IceCv    | Noticed an azure jelly
 17318 | IceCv    | Killed an azure jelly
 17321 | IceCv    | Noticed an azure jelly
 17329 | IceCv    | Banished an azure jelly
 17555 | IceCv    | Identified the +0 robe of Exclusion {rPois Will++ Int+4}
 17559 | IceCv    | Got the Collected Works on Cold
 17644 | IceCv    | - that was a new one
 18116 | Lair:2   | Noticed a boulder beetle
 18129 | Lair:2   | Killed a boulder beetle
 18130 | Lair:2   | Reached skill level 10 in Invocations
 18413 | Lair:2   | Noticed a boulder beetle
 18429 | Lair:2   | Killed a boulder beetle
 18691 | Lair:2   | Found a runed translucent gate.
 18691 | Lair:2   | Found a runed translucent gate.
 18692 | Lair:2   | Noticed grimtooth's ghost (journeyman TrAM)
 18693 | Lair:2   | Found a runed translucent gate.
 18694 | Lair:2   | Noticed a four-headed hydra
 19300 | Lair:3   | Reached skill level 11 in Invocations
 19441 | Lair:3   | Gained mutation: A meltable icy envelope protects you from
                  | harm. (AC +8) [demonic ancestry]
 19441 | Lair:3   | Reached XP level 13. HP: 76/103 MP: 21/21
 19615 | Lair:3   | Reached skill level 12 in Invocations
 19617 | Lair:3   | Learned a level 1 spell: Freeze
 19869 | Lair:2   | Reached skill level 1 in Ice Magic
 21412 | Lair:3   | Found a staircase to the Snake Pit.
 21490 | Lair:4   | Found a staircase to the Shoals.
 21618 | Lair:4   | Reached skill level 5 in Ice Magic
 21636 | Lair:4   | Reached skill level 13 in Invocations
 22532 | Lair:4   | Reached ****** piety under Lugonu
 22824 | Lair:4   | Found a runed translucent gate.
 22824 | Lair:4   | Found a runed translucent gate.
 22824 | Lair:4   | Found a runed translucent gate.
 22825 | Lair:4   | Noticed cbfl8's ghost (journeyman MiMo)
 23681 | Lair:5   | Noticed Nessos
 23687 | Lair:5   | Killed Nessos
 23688 | Lair:5   | Reached skill level 14 in Invocations
 23688 | Lair:5   | Gained mutation: A meltable icy envelope protects you from
                  | harm. (AC +8) [demonic ancestry]
 23688 | Lair:5   | Reached XP level 14. HP: 99/110 MP: 24/24
 23881 | Lair:5   | Found a runed translucent door.
 23881 | Lair:5   | Found a viscous altar of Jiyva.
 23881 | Lair:5   | Found a staircase to the Slime Pits.
 24565 | Lair:6   | Entered Level 6 of the Lair of Beasts
 25069 | Lair:6   | Reached skill level 15 in Invocations
 27788 | Orc:1    | Entered Level 1 of the Orcish Mines
 27888 | Orc:1    | Reached skill level 1 in Shields
 28245 | Orc:2    | Entered Level 2 of the Orcish Mines
 28875 | Orc:2    | Noticed an orc warlord
 28955 | Orc:2    | Found a staircase to the Elven Halls.
 28956 | Orc:2    | Noticed Sonja
 29236 | Orc:2    | Killed an orc warlord
 29256 | Orc:2    | Killed Sonja
 29626 | Orc:2    | Gained mutation: You punish those that try to bend your
                  | will. (Will+) [demonic ancestry]
 29626 | Orc:2    | Reached XP level 15. HP: 98/120 MP: 26/26
 29648 | Orc:2    | Found Fann's Armour Shop.
 29899 | Orc:2    | Found Himeink's Antique Weapon Shop.
 29906 | Orc:2    | Found Kejiucuc's Antique Armour Boutique.
 30270 | Orc:2    | Found Gofin's Assorted Antiques.
 30690 | D:12     | Found a shimmering blue altar of Sif Muna.
 30708 | D:12     | Found a flagged portal.
 30802 | Bailey   | Entered a bailey
 32384 | D:12     | Identified the ring "Enliwyu" {Contam rF+ rC+ Int+7 Stlth+}
 33076 | D:13     | Reached skill level 10 in Armour
 33143 | D:13     | Noticed an acid blob
 33144 | D:13     | Found a viscous altar of Jiyva.
 33184 | D:13     | Found a transporter.
 33189 | D:13     | Found a transporter.
 33939 | D:14     | Reached skill level 10 in Throwing
 34305 | D:14     | Found a gate to the Vaults.
 34348 | D:14     | Reached XP level 16. HP: 66/127 MP: 27/27
 34526 | D:14     | Learned a level 3 spell: Frozen Ramparts
 34532 | D:14     | Learned a level 5 spell: Metabolic Englaciation
 34538 | D:14     | Learned a level 5 spell: Freezing Cloud
 35272 | Snake:1  | Entered Level 1 of the Snake Pit
 35331 | Snake:1  | Killed from afar by a shock serpent

Illustrated notes ##### ##.∩.## #..∩..# ##...## ##.## ##.## ####...#### ####.........#### ###...(.#####.....# #.@..#### ###.... #...### ####. .....## ## #.J...# ...... .....# ..... #.... Turn 16363 on IceCv: - a bit rough

##### ##.@.## #..∩..# ##...##
##.## ##.## ####...####
####.........####
###.....#####.....###
##....####...###.....###
####...####.......####....####
##.....##.....##......###.....##


Turn 17644 on IceCv: - that was a new one

Levels and vault maps discovered:
D:1:      dpeg_arrival_another_circle, layout_rooms, serial_shops,
          nicolae_shop_trees, serial_forest, infiniplex_forest_corner_1,
          infiniplex_forest_straight_4, infiniplex_forest_clump_large,
          infiniplex_forest_lined_2, infiniplex_forest_straight_3,
          infiniplex_forest_end_double, infiniplex_forest_lined_2,
          minmay_pentomino_s4
D:2:      minmay_spotlight, layout_basic, basic_altar,
          ebering_dispersal_statue_hall, uniq_crazy_yiuf_cottage
D:3:      layout_loops_ring, regret_index_temple_of_mockery, serial_shops,
          nicolae_lakefront_shop, shop_fountains,
          nicolae_shop_overgrown_old_shop, shop, nicolae_shop_behind_doors,
          minmay_joined_circles, uniq_terence
D:4:      layout_layer_cave, minmay_temple_entry_glass, nicolae_shop_clearance
D:5:      layout_gridville, uniq_prince_ribbit1
D:6:      layout_loops_ring, kennysheep_generic_room_7
D:7:      layout_rooms, mainiacjoe_overflow_swirl
D:8:      layout_loops_corners, kennysheep_little_box, serial_shops,
          nicolae_shop_waterfront
D:9:      layout_basic, mainiacjoe_overflow_catwalk, uniq_erolcha
D:10:     layout_cave_pools, overflow_temple_1_default, serial_shops,
          nicolae_take_the_stairs, kennysheep_flooded_box,
          minmay_increasing_density
D:11:     layout_loops_ring, dpeg_oklobed_lair, minmay_orc_entry_guard_dogs,
          special_room [special_room_orc]
D:12:     layout_irregular_city, enter_bailey_2, grunt_ministairs_15,
          led_sif_pool
D:13:     gammafunk_jiyva_shrine, layout_basic
D:14:     layout_layer_cave, erik_vaults_1, minmay_misc_feat_cross,
          grunt_decor_one_mirror
Lair:1:   layout_gridlike, portal_ice_cave_entry_imps
Lair:2:   layout_big_grid, gammafunk_ghost_split, serial_bayou_pond_e,
          nzn_sisyphean_effort, lemuel_fruit_fields
Lair:3:   layout_regular_city, minmay_snake_entry_guardpost_medium,
          grunt_megastairs_5
Lair:4:   layout_regular_city, elwin_shoals_entry_stream,
          gammafunk_ghost_necromancy
Lair:5:   layout_gridlike, slime_altar_2, uniq_nessos
Lair:6:   gammafunk_lair_ancient_temple, layout_long_grid
Snake:1:  layout_basic, serial_bayou_shore_b, grunt_megastairs_4,
          minmay_shop_grove
Orc:1:    layout_caves
Orc:2:    grunt_orc_community_town_hall, layout_diamond_mine,
          grunt_orc_community_big_house_1, grunt_orc_community_big_house_2,
          grunt_orc_community_house_2, grunt_orc_community_house_1,
          grunt_orc_community_house_2, grunt_orc_community_house_1, uniq_sonja

Skill      XL: |  1  2  3  4  5  6  7  8  9 10 11 12 13 14 15 |
---------------+----------------------------------------------+-----
Maces & Flails | 2 3 4 5 6 7 10 | 10.0
Fighting       | 4 5 7 9 10 12 | 12.0
Invocations    | 3 6 9 11 14 15 | 15.0
Throwing       | 1 5 6 7 9 11 | 11.3
Armour         | 2 6 9 10 | 10.0
Evocations     | 2 5 6 7 9 |  9.0
Ice Magic      | 8 9 |  9.0
Shields        | 3 4 |  4.0
Dodging        | |  0.8
Necromancy     | |  0.2

Action                   |  1- 3 |  4- 6 |  7- 9 | 10-12 | 13-15 | 16-18 || total
-------------------------+-------+-------+-------+-------+-------+-------++-------
Melee: Mace              |   125 |    17 |    45 |       |       |       ||   187
       Kick              |    19 |    34 |   114 |   182 |   438 |     5 ||   792
       Whip              |       |   126 |   304 |   342 |   547 |    16 ||  1335
       Morningstar       |       |       |       |   382 |  1277 |     1 ||  1660
       Dire flail        |       |       |       |       |    18 |       ||    18
 Fire: Hunting sling     |       |       |    18 |    68 |    37 |       ||   123
Throw: Stone             |    22 |    44 |       |       |       |       ||    66
       Dart              |       |    33 |    80 |    83 |   220 |       ||   416
       Boomerang         |       |       |     3 |    49 |   133 |     3 ||   188
       Javelin           |       |       |       |       |     1 |       ||     1
 Cast: Freeze            |       |       |       |       |     8 |       ||     8
Invok: Banish            |       |       |       |     2 |       |       ||     2
       Bend Space        |       |       |       |     1 |    14 |       ||    15
Evoke: Wand              |       |       |     3 |    16 |    25 |       ||    44
       Lightning rod     |       |       |       |     3 |       |       ||     3
       Box of beasts     |       |       |       |     1 |       |       ||     1
  Use: Potion            |     2 |       |       |     1 |     8 |       ||    11
       Scroll            |       |     5 |     9 |     8 |     8 |     1 ||    31
 Stab: Sleeping          |       |       |       |       |     1 |       ||     1
Armor: Leather armour    |    59 |    39 |    62 |    85 |       |       ||   245
       Ring mail         |       |       |    53 |       |       |       ||    53
       Acid dragon scale |       |       |       |   263 |  1006 |     6 ||  1275
Dodge: Dodged            |   136 |    72 |   133 |   363 |   951 |     9 ||  1664
Block: Other             |       |       |    42 |    97 |   209 |       ||   348
       Buckler           |       |       |       |       |   184 |     8 ||   192
